 Dungeon Crawl Stone Soup version 0.32-a0-35-gd9ff480968 (webtiles) character file.

Game seed: 18403142724139124460

756 PriceMaster the Sneak (level 7, -3/43 HPs)
             Began as an Octopode Fire Elementalist on Jan 23, 2024.
             Slain by a gnoll
             ... wielding a +0 spear
             ... led by a gnoll bouda
              (8 damage)
             ... on level 6 of the Dungeon.
             The game lasted 00:13:37 (5472 turns).

PriceMaster the Sneak (Octopode Fire Elementalist)  Turns: 5472, Time: 00:13:38

Health: -3/43      AC:  1    Str:  8    XL:     7   Next: 79%
Magic:  13/13      EV: 13    Int: 17    God:
Gold:   120        SH:  5    Dex: 14    Spells: 8/14 levels left

rFire   . . .        b - +2 spear (venom)
rCold   . . .        (no shield)
rNeg    . . .        (helmet restricted)
rPois   .            f - amulet of reflection
rElec   .            (no ring)
rCorr   .            (no ring)
SInv    .            (no ring)
Will    .....        (no ring)
Stlth   ++++         (no ring)
HPRegen 0.27/turn    (no ring)
MPRegen 0.13/turn    (no ring)
                     (no ring)

%: reflection
@: no status effects
A: almost no armour, amphibious, 8 rings, camouflage 1, gelatinous body 1,
(nimble swimmer 1), tentacles, teleportitis 1
a: no special abilities


You were on level 6 of the Dungeon.
You visited 1 branch of the dungeon, and saw 6 of its levels.

You collected 226 gold pieces.
You spent 106 gold pieces at shops.

Inventory:

Hand Weapons
 b - a +2 spear of venom (weapon)
Jewellery
 f - an amulet of reflection (around mantle)
 h - a ring of fire
Wands
 c - a wand of charming (5)
Scrolls
 d - 2 scrolls of immolation
 e - a scroll of blinking {unknown}
 i - a scroll of revelation {unknown}
 k - a scroll of fog
 l - a scroll of noise {unknown}
 m - 5 scrolls of teleportation {unknown}
 n - a scroll of vulnerability {unknown}
Potions
 g - a potion of brilliance
 j - a potion of curing {unknown}


   Skills:
 + Level 1.2 Fighting
 * Level 4.0 Polearms
 + Level 2.7 Dodging
 * Level 6.3 Stealth
 + Level 0.6 Shields
 + Level 4.0 Spellcasting
 + Level 2.0 Conjurations
 + Level 0.3 Hexes
 + Level 4.0 Fire Magic


You had 8 spell levels left.
You knew the following spells:

 Your Spells              Type           Power      Damage    Failure   Level
a - Foxfire               Conj/Fire      52%        2x1d6     4%          1
b - Scorch                Fire           34%        2d6       4%          2
c - Inner Flame           Hex/Fire       10%        N/A       19%         3

Your spell library contained the following spells:

 Spells                   Type           Power      Damage    Failure   Level
 Kiss of Death            Conj/Necr      24%        2d7       11%         1
 Sandblast                Erth           6%         2d5       16%         1
 Volatile Blastmotes      Fire/Tloc      20%        2d11      21%         3
 Stone Arrow              Conj/Erth      12%        3d7       30%         3
 Confusing Touch          Hex            4%         N/A       38%         3
 Flame Wave               Conj/Fire      13%        2d6       41%         4
 Passwall                 Erth           3%         N/A       43%         3
 Brom's Barrelling Bould  Conj/Erth      6%         2d3       71%         4
 Dispel Undead            Necr           3%         3d7       83%         4
 Chain Lightning          Conj/Air       3%         3d4       100%        9
 Fire Storm               Conj/Fire      6%         8d2       100%        9
 Shatter                  Erth           1%         3d6*      100%        9


Dungeon Overview and Level Annotations

Branches:
Dungeon (6/15)             Temple (0/1) D:5

Altars:
Makhleb
Xom

Shops:
D:2 *   D:5 :


Innate Abilities, Weirdness & Mutations

You cannot wear most types of armour.
You are amphibious.
You can wear up to eight rings at the same time.
Your skin changes colour to match your surroundings (Stealth+).
Your rubbery body absorbs attacks. (AC +1, EV +1)
((You are camouflaged when in or above water. (Stealth+)))
You have tentacles for arms and can constrict up to eight enemies at once.
You are occasionally teleported next to monsters.


Message History

Confirm with . or Enter, or press ? or * to list all spells.
Aiming: Inner Flame (quite dangerous; 19% risk of failure)
Press: ? - help, Dir - move target, f - gnoll
Aim: a gnoll, wielding a +0 spear (chance to affect: 68%)
The gnoll is filled with an inner flame.
Casting: Inner Flame (quite dangerous; 19% risk of failure)
Confirm with . or Enter, or press ? or * to list all spells.
You conjure some foxfire!
The gnoll hits you from afar with a +0 spear.
The sleepcap releases spores at you.
Casting: Foxfire (safe; 4% risk of failure)
Confirm with . or Enter, or press ? or * to list all spells.
You conjure some foxfire!
The foxfire hits the sleepcap but does no damage.
The foxfire hits the sleepcap.
The sleepcap is lightly damaged.
The gnoll closely misses you. You block the sleepcap's attack.
The foxfire hits the sleepcap but does no damage.
The sleepcap is lightly damaged.
The foxfire hits the sleepcap.
The sleepcap is moderately damaged.
The gnoll attacks as it pursues you!
The gnoll hits you from afar with a +0 spear.
The sleepcap attacks as it pursues you! The sleepcap releases spores at you.
Magic courses through your body.
The gnoll hits you from afar with a +0 spear.
The gnoll closely misses you. The sleepcap releases spores at you.
You are engulfed in a cloud of soporific spores!
You fall asleep.
The gnoll hits you from afar with a +0 spear!!
You wake up.
* * * LOW HITPOINT WARNING * * *
The gnoll hits you with a +0 whip.
* * * LOW HITPOINT WARNING * * *
The sleepcap releases spores at you but does no damage.
Okay, then.
As you read the scroll labelled QYPUAPRAPHI, it dissolves into smoke.
It was a scroll of fog.
The gnoll hits you from afar with a +0 spear!
You die...

#### ....######
.....§...# ......§§§+
......§@§#+######
......§fg.......#
........g.......#.......
##+#............#.......
#........)...#.......
#........^)..#.......
#...........)#.......
#............+.....).
#.######.....#.......


You could see a sleepcap and 2 gnolls.

Vanquished Creatures
  A black bear (D:5)
  An ogre (D:4)
  2 scorpions
  2 hounds
  2 orc priests
  3 iron imps (D:3)
  An iguana (D:4)
  An orc wizard (D:4)
  3 gnolls (D:6)
  7 adders
  A white imp (D:5)
  A ribbon worm (D:2)
  11 orcs
  9 endoplasms
  6 giant cockroaches
  15 goblins
  8 hobgoblins
  5 jackals
  8 kobolds
  4 quokkas
  4 ball pythons
  5 bats
  5 frilled lizards
  4 rats
109 creatures vanquished.

Vanquished Creatures (collateral kills)
  4 foxfires
4 creatures vanquished.

Vanquished Creatures (others)
  91 foxfires
91 creatures vanquished.

Grand Total: 204 creatures vanquished

Notes
Turn   | Place    | Note
-------+----------+-------------------------------------------
     0 | D:1      | PriceMaster the Octopode Fire Elementalist began the quest
                  | for the Orb.
     0 | D:1      | Reached XP level 1. HP: 11/11 MP: 3/3
    62 | D:1      | Reached skill level 3 in Stealth
   287 | D:1      | Reached XP level 2. HP: 18/18 MP: 5/5
   290 | D:1      | Learned a level 2 spell: Scorch
   560 | D:1      | Reached skill level 1 in Polearms
   679 | D:1      | Reached XP level 3. HP: 14/22 MP: 6/6
   960 | D:2      | Found the +8 pair of quick blades "Gyre" and "Gimble"
                  | {protect}
  1282 | D:2      | You fall into a shaft and drop 2 floors!
  1341 | D:4      | Reached skill level 4 in Stealth
  1409 | D:4      | Reached XP level 4. HP: 27/27 MP: 2/7
  1622 | D:2      | Found Xaeneb's Assorted Antiques.
  1626 | D:2      | Bought a dented diamond amulet for 90 gold pieces
  1626 | D:2      | Bought a brown potion for 16 gold pieces
  1979 | D:2      | Found a faded altar of an unknown god.
  2309 | D:3      | Reached XP level 5. HP: 32/32 MP: 3/8
  2496 | D:3      | Found a shimmering altar of Xom.
  2691 | D:3      | Found a burning altar of Makhleb.
  2724 | D:3      | Reached skill level 5 in Stealth
  3070 | D:3      | Gained mutation: You are occasionally teleported next to
                  | monsters. [potion of mutation]
  3235 | D:4      | Reached skill level 1 in Fighting
  3235 | D:4      | Reached XP level 6. HP: 38/38 MP: 0/9
  3599 | D:4      | Learned a level 3 spell: Inner Flame
  4219 | D:5      | Entered Level 5 of the Dungeon
  4420 | D:5      | Found Leang's Book Shoppe.
  4430 | D:5      | Found a staircase to the Ecumenical Temple.
  4464 | D:5      | Noticed a black bear
  4523 | D:5      | Reached XP level 7. HP: 43/43 MP: 4/12
  4649 | D:5      | Reached skill level 6 in Stealth
  5472 | D:6      | Slain by a gnoll

Illustrated notes

Levels and vault maps discovered:
D:1:      dpeg_arrival_more_subterranean_lakeside_camping, layout_basic
D:2:      layout_loops_corners, serial_shops, nicolae_shop_back_alley_shop,
          dreamdust_ecumenical_altar_hidden_monk_grotto
D:3:      layout_basic, demons_altar, regret_index_xom_buried_treasure
D:4:      layout_gridville, grunt_ministairs_9, minmay_ogre_servants
D:5:      wad_woods_pond, layout_rooms, minmay_temple_entry_statues_fountains,
          serial_shops, shop
D:6:      layout_gridville, nicolae_ru_sacrificial_ziggurat

Skill      XL: |  1  2  3  4  5  6  7 |
---------------+----------------------+-----
Stealth        | 3 4 5 6 |  6.3
Polearms       | 1 2 3 4 |  4.0
Fighting       | 1 |  1.2
Spellcasting   | 3 4 |  4.0
Conjurations   | 2 |  2.0
Fire Magic     | 4 |  4.0
Dodging        | |  2.7
Shields        | |  0.6
Hexes          | |  0.3

Action                     |  1- 3 |  4- 6 |  7- 9 || total
---------------------------+-------+-------+-------++-------
  Melee: Spear             |    45 |   107 |    12 ||   164
         Constrict         |     6 |    19 |     5 ||    30
         Tentacles         |     2 |    20 |     6 ||    28
         Punch             |       |     1 |       ||     1
   Cast: Foxfire           |     6 |    27 |    18 ||    51
         Scorch            |     7 |    20 |     6 ||    33
         Inner Flame       |       |     2 |     7 ||     9
  Evoke: Wand              |       |     3 |       ||     3
    Use: Scroll            |       |     4 |     1 ||     5
         Potion            |       |     6 |     1 ||     7
   Stab: Sleeping          |    13 |    10 |       ||    23
         Distracted        |       |     1 |       ||     1
         Invisible         |       |     1 |       ||     1
 Armour: Skin              |     5 |    31 |    15 ||    51
  Dodge: Dodged            |    13 |    33 |     8 ||    54
  Block: Other             |       |    13 |     3 ||    16
         Reflection        |       |     2 |       ||     2

Table legend: (Time is in decaauts)
 A = Elapsed time spent in this place.
 B = Non-inter-level travel time spent in this place.
 C = Inter-level travel time spent in this place.
 D = Time resting spent in this place.
 E = Time spent auto-exploring this place.
 F = Levels seen in this place.
 G = Mean time per level.
                   A        B        C        D        E       F      G
               +--------+--------+--------+--------+--------+-----+--------+
         Total |   5470 |   5219 |    251 |    539 |   3813 |   6 |  911.7 |
       Dungeon |   5470 |   5219 |    251 |    539 |   3813 |   6 |  911.7 |
               +--------+--------+--------+--------+--------+-----+--------+

Top non-repeatable levels by time:
     D:4: 1433 daAuts
     D:2: 1129 daAuts
     D:5: 942 daAuts
     D:3: 898 daAuts
     D:1: 862 daAuts
     D:6: 204 daAuts
